AoeStats
← Knoxy

Arabia

503772624Analyzed
1v1 RM · 2mo ago on Sep 2, 2026· 46m 15s· 2 players
Game mode
Random Map
Map size
Tiny (2 player)
Population
200
Speed
Normal
Resources
Standard
Victory
Conquest
Starting age
Dark Age
Ending age
Imperial Age
RankedLock teamsTeams togetherTeam positionsShared explorationLock speedFull tech treeHidden civsTurbo modeCheats
Victory
Defeat
🇳🇿 Spanish · New Zealand
1075
+17
vs
🇹🇼 Inca · Taiwan
1100
-22
Knoxy
3:18 Loom
9:44 Feudal Age
12:46 Double-Bit Axe
14:54 Town Watch
20:18 Castle Age
19:28 Bloodlines
19:25 Scale Barding Armor
20:23 Forging
20:10 Horse Collar
27:16 Man-at-Arms
28:18 Long Swordsman
29:28 Scale Mail Armor
30:14 Arson
37:30 Bow Saw
40:48 Imperial Age
38:19 Light Cavalry
40:38 Wheelbarrow
41:51 Chain Barding Armor
41:18 Two-Handed Swordsman
41:22 Capped Ram
42:32 Cavalier
45:53 Elite Skirmisher
47:00 Hand Cart
jack1020910
11:32 Feudal Age
16:13 Castle Age
14:09 Fletching
18:27 Loom
20:40 Horse Collar
21:23 Double-Bit Axe
23:51 Wheelbarrow
23:03 Town Watch
24:57 Bodkin Arrow
25:12 Pikeman
26:07 Forging
27:08 Arson
27:26 Scale Mail Armor
29:03 Heavy Plow
29:13 Bow Saw
29:13 Padded Archer Armor
30:13 Ballistics
29:48 Murder Holes
29:35 Treadmill Crane
31:20 Squires
32:23 Gold Mining
32:24 Stone Mining
35:12 Chain Mail Armor
37:41 Leather Archer Armor
39:37 Gold Shaft Mining
39:55 Thumb Ring
41:15 Iron Casting
40:58 Hand Cart
40:34 Elite Skirmisher
41:54 Stone Shaft Mining
44:08 Andean Sling
Connection lost

Rejoining the realm…

Still unreachable

The connection could not be restored.

Session expired

The server has moved on; the page needs a fresh start.